[Event "EYCC 2017"]
[Site "Mamaia"]
[Date "2017.09.12"]
[Round "7"]
[White "Karykowska, Anna"]
[Black "Semonaviciute, Agne"]
[Result "1-0"]
[ECO "B01"]
[WhiteElo "1884"]
[BlackElo "1854"]
[Annotator "NA RC"]
[PlyCount "167"]
[EventDate "2017.??.??"]
[EventType "swiss"]
[EventCountry "ROU"]
[SourceTitle "playchess.com"]
[Source "ChessBase"]
[SourceQuality "1"]
[TimeControl "40/5400+30:1800+30"]

1. e4 d5 2. exd5 Qxd5 3. Nc3 Qa5 4. Nf3 Nf6 5. d4 c6 6. Be2 Bf5 7. Ne5 e6 8. g4 Bg6 9. h4 Nbd7 10. Nc4 Qc7 11. h5 Be4 12. Nxe4 Nxe4 13. Qd3 Nef6 14. Bd2 O-O-O 15. O-O-O b5 16. Na5 Ne5 17. Qg3 Rxd4 18. Nb3 Rd5 19. Bf4 Bd6 20. Kb1 Rd8 21. g5 Ng8 22. Rxd5 exd5 23. Bxe5 Bxe5 24. Qd3 h6 25. Nc5 Qe7 26. Qa3 Bd6 27. Bg4+ Kb8 28. Na6+ Kb7 29. Qa5 Re8 30. a3 hxg5 31. Nb4 Bxb4 32. axb4 Nf6 33. Bf5 Ne4 34. Bxe4 Qxe4 35. Rh3 Qc4 36. Rh1 Re2 37. Rc1 Qe4 38. Qd8 Qe7 39. Qh8 Qe5 40. Qd8 Qf5 41. Ka2 g4 42. Qf8 Qxh5 43. Kb3 Qg6 44. Qc5 Qe4 45. Ka3 Qf3+ 46. b3 Qxf2 47. Qd6 Qf5 48. Rf1 Qe6 49. Qf8 f6 50. Qxg7+ Qe7 51. Qxg4 Re4 52. Qf5 Rxb4 53. Ka2 Kb6 54. Qc8 Re4 55. Qb8+ Kc5 56. Qh8 Re2 57. Kb1 Re1+ 58. Rxe1 Qxe1+ 59. Kb2 Qe5+ 60. c3 Kb6 61. Qd8+ Kb7 62. b4 Qe6 63. Qf8 d4 64. cxd4 Qe2+ 65. Ka1 Qd1+ 66. Ka2 Qxd4 67. Qe7+ Kb6 68. Qf8 c5 69. Qb8+ Kc6 70. Qc8+ Kd5 71. Qg8+ Ke4 72. Qe6+ Kd3 73. Qh3+ Qe3 74. Qxe3+ Kxe3 75. bxc5 f5 76. c6 f4 77. c7 f3 78. c8=Q f2 79. Qe8+ Kf3 80. Qxb5 Kg2 81. Qg5+ Kf3 82. Qf5+ Ke2 83. Qe4+ Kd2 84. Qf3 1-0

[Event "EYCC 2017"]
[Site "Mamaia"]
[Date "2017.09.12"]
[Round "7"]
[White "Makkar, Rajat"]
[Black "Kolesov, Gordey"]
[Result "0-1"]
[ECO "A05"]
[WhiteElo "1880"]
[BlackElo "1672"]
[Annotator "NA RC"]
[PlyCount "72"]
[EventDate "2017.??.??"]
[EventType "swiss"]
[EventCountry "ROU"]
[SourceTitle "playchess.com"]
[Source "ChessBase"]
[SourceQuality "1"]
[TimeControl "40/5400+30:1800+30"]

1. Nf3 Nf6 2. c4 g6 3. Nc3 Bg7 4. d4 O-O 5. e3 d6 6. Bd3 Re8 7. O-O {[%emt 0:03:25] E61: King's Indian: Early deviations for White, including Smyslov System} e5 8. Qc2 Nc6 9. a3 exd4 $146 ({Predecessor:} 9... Bg4 10. dxe5 dxe5 11. Nd2 a5 12. h3 Be6 13. Nce4 Nxe4 14. Nxe4 Qe7 {0-1 (25) Shyam,S (1980)-Kurnosov,I (2658) Bhubaneswar 2009}) 10. Nxd4 Nxd4 11. exd4 Ng4 12. h3 Nh6 13. Bxh6 Bxh6 14. Rfe1 Bd7 15. Nd5 Bg7 16. Rxe8+ Bxe8 17. Re1 Bxd4 18. Qd2 c5 19. Qh6 Bg7 20. Qd2 Ba4 21. Bc2 Bxc2 22. Qxc2 Qh4 23. Re4 Qg5 24. Re7 Bd4 25. b3 Rf8 26. a4 Kh8 27. Qe2 Qh4 28. Rxb7 f5 29. Re7 f4 30. Qf3 h5 31. Re6 Kg7 $18 {[%emt 0:05:18] [#]} (31... Qg3 $16) 32. Ne7 ({Don't take} 32. Rxd6 $6 Rf7 $16) ({Better is} 32. Nc7 $1 $18) 32... Rf6 33. Rxf6 Qxf6 34. Nd5 Qf5 35. Nxf4 Be5 36. Nd5 Qb1+ 0-1

[Event "EYCC 2017"]
[Site "Mamaia"]
[Date "2017.09.12"]
[Round "7"]
[White "Esadze, Tamari"]
[Black "Hercog, Nusa"]
[Result "1-0"]
[ECO "B44"]
[WhiteElo "1863"]
[BlackElo "2034"]
[Annotator "NA RC"]
[PlyCount "69"]
[EventDate "2017.??.??"]
[EventType "swiss"]
[EventCountry "ROU"]
[SourceTitle "playchess.com"]
[Source "ChessBase"]
[SourceQuality "1"]
[TimeControl "40/5400+30:1800+30"]

1. e4 c5 2. Nf3 e6 3. d4 cxd4 4. Nxd4 Nc6 5. c4 Qc7 6. Nc3 a6 7. Be2 Nf6 8. a3 {[%emt 0:04:38] B41: Sicilian: Kan Variation: 5 c4} (8. O-O Nxd4 9. Qxd4 Bd6 10. g3 O-O 11. Be3 Be5 12. Qd3 Bxc3 13. bxc3 b5 14. c5 Bb7 15. f3 Bc6 16. Qd6 {½-½ (56) Goganov,A (2603)-Svidler,P (2739) St Petersburg 2015}) 8... h6 9. Be3 Be7 10. O-O $146 ({Predecessor:} 10. Rc1 Nxd4 11. Qxd4 Bd6 12. c5 Be5 13. Qd2 O-O 14. Bf3 Rd8 15. Na4 d5 16. cxd6 Qxd6 17. Qxd6 Bxd6 {½-½ (46) Bomans,A (2249)-Draftian,A (2274) Gent 2016}) 10... O-O 11. f4 d6 12. Rc1 Bd7 13. b4 Nxd4 14. Bxd4 Rfd8 15. Qd3 Ne8 16. Qg3 b6 $2 ({Black should try} 16... Bf6 $1 $14 17. e5 dxe5 18. Bxe5 (18. fxe5 Bc6 $11) 18... Bxe5 19. fxe5 Bc6) 17. f5 Bg5 18. Rcd1 Kh7 19. Bh5 $18 Bc8 20. fxe6 Bxe6 21. Nd5 Bxd5 22. exd5 Bf6 23. Qd3+ Kg8 24. Qe3 Rab8 25. Qg3 Kh7 26. Qf4 Bxd4+ 27. Rxd4 Nf6 28. Bd1 Re8 29. Bc2+ Kg8 30. Qh4 Re2 31. Bd3 Re5 32. Rxf6 gxf6 33. Qxh6 Qe7 34. Bh7+ Kh8 35. Bg6+ 1-0

[Event "EYCC 2017"]
[Site "Mamaia"]
[Date "2017.09.12"]
[Round "7"]
[White "Samadov, Read"]
[Black "Strybuk, Artsiom I"]
[Result "1/2-1/2"]
[ECO "B38"]
[WhiteElo "1848"]
[BlackElo "1790"]
[Annotator "NA"]
[PlyCount "107"]
[EventDate "2017.??.??"]
[EventType "swiss"]
[EventCountry "ROU"]
[SourceTitle "playchess.com"]
[Source "ChessBase"]
[SourceQuality "1"]
[TimeControl "40/5400+30:1800+30"]

1. e4 c5 2. Nf3 Nc6 3. d4 cxd4 4. Nxd4 g6 5. c4 Bg7 6. Be3 d6 7. Nc3 Nf6 8. Be2 O-O 9. O-O Bd7 10. f4 Rc8 11. Qd2 Nxd4 12. Bxd4 Bc6 13. Bf3 Nd7 14. Bxg7 Kxg7 15. Rac1 Qb6+ 16. Kh1 a5 17. b3 Nc5 18. Nd5 Bxd5 19. exd5 Qb4 20. Qd4+ f6 21. Rce1 Rc7 22. f5 a4 23. fxg6 hxg6 24. Bd1 axb3 25. axb3 b5 26. Bc2 bxc4 27. Bxg6 Kxg6 28. Qg4+ Kf7 29. Qh5+ Kg7 30. Re3 Qxb3 31. Rxb3 cxb3 32. Rf4 Ne4 33. Rg4+ Ng5 34. Rxg5+ fxg5 35. Qxg5+ Kf7 36. Qh5+ Kf6 37. Qh6+ Ke5 38. Qe3+ Kxd5 39. Qxb3+ Rc4 40. Qd3+ Kc5 41. Qa3+ Kc6 42. Qa6+ Kd5 43. Qb5+ Rc5 44. Qd3+ Ke6 45. Qb3+ Ke5 46. Qe3+ Kd5 47. Qb3+ Kc6 48. Qa4+ Kb6 49. Qb3+ Kc7 50. h3 Rf1+ 51. Kh2 Rf2 52. Qe3 Rcc2 53. Qxe7+ Kc6 54. Qg5 1/2-1/2

[Event "EYCC 2017"]
[Site "Mamaia"]
[Date "2017.09.12"]
[Round "7"]
[White "Vidruk, Mariia"]
[Black "Vanduyfhuys, Daria"]
[Result "1-0"]
[ECO "A01"]
[WhiteElo "1848"]
[BlackElo "1775"]
[Annotator "NA RC"]
[PlyCount "65"]
[EventDate "2017.??.??"]
[EventType "swiss"]
[EventCountry "ROU"]
[SourceTitle "playchess.com"]
[Source "ChessBase"]
[SourceQuality "1"]
[TimeControl "40/5400+30:1800+30"]

1. b3 Nf6 2. Bb2 d5 3. e3 c5 4. d4 Nc6 5. Nf3 Bf5 6. Bd3 Bg6 7. O-O e6 8. Nc3 cxd4 9. exd4 Bd6 10. Re1 O-O 11. Ne5 Bh5 12. Nxc6 Bxh2+ 13. Kh1 bxc6 14. Qd2 Ng4 15. g3 Qf6 16. Kg2 e5 17. dxe5 Nxe5 18. Rxe5 Qxe5 19. f4 Qf6 20. Kxh2 Qh6 21. Kg1 Rfe8 22. Qh2 Re3 23. Kf2 Rae8 24. Rh1 Bg6 25. Qxh6 gxh6 26. f5 d4 27. fxg6 fxg6 28. Ne4 R3xe4 29. Bxe4 Rxe4 30. Re1 Rxe1 31. Kxe1 Kf7 32. Bxd4 a6 33. g4 1-0

[Event "EYCC 2017"]
[Site "Mamaia"]
[Date "2017.09.12"]
[Round "7"]
[White "Pawicka, Magdalena"]
[Black "Shubenkova, Veronika"]
[Result "1/2-1/2"]
[ECO "B00"]
[WhiteElo "1826"]
[BlackElo "1505"]
[Annotator "NA"]
[PlyCount "103"]
[EventDate "2017.??.??"]
[EventType "swiss"]
[EventCountry "ROU"]
[SourceTitle "playchess.com"]
[Source "ChessBase"]
[SourceQuality "1"]
[TimeControl "40/5400+30:1800+30"]

1. e4 b6 2. d4 Bb7 3. Bd3 Nf6 4. Qe2 e6 5. Nf3 Be7 6. O-O d5 7. e5 Nfd7 8. Bf4 c5 9. c4 O-O 10. Nc3 cxd4 11. Nxd4 Nc5 12. Bc2 a6 13. cxd5 exd5 14. Qg4 Bc8 15. Bf5 Bxf5 16. Nxf5 Ne6 17. Nxe7+ Qxe7 18. Nxd5 Qb7 19. Rfd1 Nc6 20. Rac1 Ncd4 21. Nc3 b5 22. Be3 Nc6 23. Qg3 Rae8 24. f4 Kh8 25. Ne4 Ncd4 26. Nc3 Nf5 27. Qh3 Nxe3 28. Qxe3 Nc7 29. Ne4 Nd5 30. Qf3 Qa7+ 31. Kh1 Ne3 32. Rd3 Rc8 33. Rdc3 Rxc3 34. Nxc3 Nf5 35. Qd3 Ne3 36. Qe2 Nf5 37. Ne4 h6 38. Qf2 Qd7 39. Qd2 Qe6 40. b3 Qb6 41. Qc3 Qg6 42. Ng3 Nxg3+ 43. Qxg3 Qe4 44. Qf3 Qd4 45. Rf1 Qb2 46. Qf2 Qc3 47. Rd1 Rc8 48. h3 Qc2 49. Qxc2 Rxc2 50. Ra1 Kh7 51. Kg1 Kg6 52. a3 1/2-1/2

[Event "EYCC 2017"]
[Site "Mamaia"]
[Date "2017.09.12"]
[Round "7"]
[White "Hajiyeva, Laman"]
[Black "Garifullina, Leya"]
[Result "1-0"]
[ECO "D05"]
[WhiteElo "1818"]
[BlackElo "1970"]
[Annotator "NA RC"]
[PlyCount "56"]
[EventDate "2017.??.??"]
[EventType "swiss"]
[EventCountry "ROU"]
[SourceTitle "playchess.com"]
[Source "ChessBase"]
[SourceQuality "1"]
[TimeControl "40/5400+30:1800+30"]

1. d4 d5 2. Nf3 Nf6 3. e3 e6 4. Bd3 c5 5. c3 Nc6 6. Nbd2 Be7 7. dxc5 Bxc5 8. b4 Bd6 9. Bb2 O-O 10. O-O e5 {[%emt 0:09:45] D05: Colle System with ...e6} 11. e4 dxe4 12. Nxe4 Nxe4 13. Bxe4 {[%emt 0:00:05] [#]} Qc7 $146 ({Predecessor:} 13... Be6 14. a3 Rc8 15. Rc1 b5 16. Re1 Ne7 17. Ng5 Bf5 18. Qd3 {1-0 (39) Ushenina,A (2494)-Hou,Y (2673) Beijing 2014}) 14. Qd3 h6 15. Rad1 Rd8 16. b5 Na5 17. Bd5 Bg4 18. c4 Rac8 19. Rc1 b6 20. Rfe1 Re8 $16 21. Qe4 Be6 $1 22. Nxe5 Bxe5 23. Bxe5 Bxd5 24. Qxd5 Qc5 25. Bf4 Rxe1+ 26. Rxe1 Nxc4 27. Qd7 Na3 28. h3 Nxb5 1-0

[Event "EYCC 2017"]
[Site "Mamaia"]
[Date "2017.09.12"]
[Round "7"]
[White "Kostecka, Marika"]
[Black "Represa Perez, Mireya"]
[Result "0-1"]
[ECO "B90"]
[WhiteElo "1811"]
[BlackElo "2082"]
[Annotator "NA RC"]
[PlyCount "164"]
[EventDate "2017.??.??"]
[EventType "swiss"]
[EventCountry "ROU"]
[SourceTitle "playchess.com"]
[Source "ChessBase"]
[SourceQuality "1"]
[TimeControl "40/5400+30:1800+30"]

1. e4 c5 2. Nf3 d6 3. d4 cxd4 4. Nxd4 Nf6 5. Nc3 a6 6. Be3 e5 7. Nb3 Be7 8. f3 Be6 9. Qd2 O-O 10. O-O-O Qc7 11. g4 Rc8 12. Kb1 {[%emt 0:00:39] B90: Sizilianisch (Najdorf-Variante, Abweichungen)} (12. g5 Nh5 13. Kb1 Nd7 14. Nd5 Bxd5 15. exd5 a5 16. Bh3 a4 17. Nc1 Nf4 18. Bxf4 exf4 19. Bxd7 Qxd7 20. h4 Rc4 21. Ne2 Rac8 22. c3 {½-½ (32) So,W (2667)-Bu,X (2662) Mashhad 2011}) 12... d5 13. Nxd5 Nxd5 14. exd5 Bxd5 15. Qf2 Be6 16. Bd3 Nc6 $146 ({Vorgänger:} 16... Nd7 17. g5 a5 18. a4 Nc5 19. Nxc5 Bxc5 20. Bxc5 Qxc5 21. Qxc5 Rxc5 {½-½ (47) Cerbulenco,L (2203)-Krupenski,J (2277) Tromsoe 2014}) 17. Bb6 Qb8 18. Nc5 Nd4 19. Nxe6 Nxe6 20. Bf5 Rc6 21. Rd7 Bf6 22. Be4 Rd6 23. Rxb7 Qc8 24. h4 g6 25. g5 Bg7 26. Be3 Qd8 27. Qg1 Nf4 28. Bc5 Rd2 29. Bb6 Qe8 30. Qe1 $18 Re2 31. Qb4 Bf8 32. Qc4 Rc8 33. Qxa6 Rxe4 34. fxe4 Qc6 35. Rc1 Ne2 36. Qxe2 Qxb7 37. Bf2 Ba3 38. c3 Rc4 39. Ka1 Rxe4 40. Qd2 Bf8 41. Re1 Ra4 42. Rxe5 Qb3 43. a3 Bxa3 44. Re8+ Bf8+ 45. Kb1 Qb5 46. Rxf8+ Kxf8 47. Qd8+ Kg7 48. Qf6+ Kg8 49. Qd8+ Kg7 50. Bd4+ Rxd4 51. Qxd4+ Kg8 52. c4 Qf5+ 53. Ka2 Qa5+ 54. Kb3 Qa8 55. c5 Qf3+ 56. Qc3 Qd5+ 57. Qc4 Qf3+ 58. Kb4 Qb7+ 59. Qb5 Qe4+ 60. Ka5 Qa8+ 61. Qa6 Qd8+ 62. Qb6 Qa8+ 63. Kb5 Qe8+ 64. c6 Qe2+ 65. Ka5 Qc4 66. c7 Qd5+ 67. Ka4 Qa8+ 68. Kb4 Qe4+ 69. Ka3 Qa8+ 70. Kb4 Qe4+ 71. Kc5 Qe5+ 72. Kc6 Qe4+ 73. Kd7 Qf5+ 74. Kd8 Qd5+ 75. Kc8 Qa8+ 76. Qb8 Qa6+ 77. Kd7+ Kg7 78. c8=Q Qe6+ 79. Kd8 Qd5+ 80. Qd7 Qa5+ 81. Qbc7 Qa8+ 82. Ke7 Qf8# 0-1

[Event "EYCC 2017"]
[Site "Mamaia"]
[Date "2017.09.12"]
[Round "7"]
[White "Mkrtchyan, Mariam"]
[Black "Khamenya, Vitalia"]
[Result "0-1"]
[ECO "D02"]
[WhiteElo "1794"]
[BlackElo "1853"]
[Annotator "NA RC"]
[PlyCount "116"]
[EventDate "2017.??.??"]
[EventType "swiss"]
[EventCountry "ROU"]
[SourceTitle "playchess.com"]
[Source "ChessBase"]
[SourceQuality "1"]
[TimeControl "40/5400+30:1800+30"]

1. d4 d5 2. Nf3 c5 3. g3 cxd4 4. Nxd4 e5 5. Nb3 Nc6 6. Bg2 Nf6 7. Bg5 Be6 8. O-O Be7 {[%emt 0:02:20] A43: Schmid Benoni} 9. e3 (9. Bxf6 Bxf6 10. c4 dxc4 11. Nc5 e4 12. Nd2 Bxb2 13. Nxe6 fxe6 14. Rb1 c3 15. Bxe4 Qxd2 16. Qxd2 cxd2 17. Rxb2 {½-½ (31) Svidler,P (2734)-Karjakin,S (2753) Khanty-Mansiysk 2015}) 9... Qd7 10. Nc3 O-O-O 11. Na4 h6 $146 ({Predecessor:} 11... Bh3 12. Nac5 Qf5 13. Bxf6 gxf6 14. Qe2 a6 15. e4 Qg4 16. Qxg4+ Bxg4 17. exd5 {1-0 (38) Hlavnicka,J (2241)-Moravec,M (2281) Czechia 2001}) 12. Nbc5 Bxc5 13. Nxc5 Qe7 14. Bxf6 gxf6 15. Nxe6 fxe6 16. c4 e4 17. f4 Nb4 18. cxd5 exd5 19. Qd4 Kb8 20. Rf2 h5 21. Kh1 Rc8 22. Rb1 Rc4 23. Qd1 Nd3 24. Rc2 h4 25. g4 h3 26. Bf1 Qe6 27. Rd2 Rh4 28. Bxd3 exd3 29. Qf3 Qe4 30. Qxe4 dxe4 31. Rg1 Rc5 32. Rf2 Rh6 33. a3 Kc7 34. f5 Kd7 35. Rf4 Re5 36. Rc1 Rh8 37. Kg1 Rc8 38. Rxc8 Kxc8 39. Kf1 Kc7 40. Ke1 Kd6 41. Kd1 $19 Re7 42. g5 fxg5 43. Rg4 Ke5 44. Rxg5 Rh7 45. b4 Kf6 46. Rg8 Kxf5 47. Rf8+ Ke5 48. Kd2 Rg7 49. Re8+ Kd5 50. Rd8+ Kc6 51. Re8 Rg2+ 52. Kc3 Rc2+ 53. Kb3 Rxh2 54. Rxe4 d2 55. Rd4 Rg2 56. Kc2 h2 57. Rh4 d1=Q+ 58. Kxd1 Rg1+ 0-1

[Event "EYCC 2017"]
[Site "Mamaia"]
[Date "2017.09.12"]
[Round "7"]
[White "Czarnecka, Lidia"]
[Black "Bui, Ngoc Han Julia"]
[Result "1-0"]
[ECO "C06"]
[WhiteElo "1792"]
[BlackElo "1850"]
[Annotator "NA RC"]
[PlyCount "67"]
[EventDate "2017.??.??"]
[EventType "swiss"]
[EventCountry "ROU"]
[SourceTitle "playchess.com"]
[Source "ChessBase"]
[SourceQuality "1"]
[TimeControl "40/5400+30:1800+30"]

1. e4 e6 2. d4 d5 3. Nd2 Nf6 4. e5 Nfd7 5. Bd3 c5 6. c3 Nc6 7. Ne2 cxd4 8. cxd4 f6 9. exf6 Nxf6 10. O-O Bd6 11. Nf3 O-O 12. Bg5 h6 {[%emt 0:03:39] C06: French Tarrasch: 3...Nf6 4 e5 Nfd7 5 Bd3 main lines} (12... Qb6 13. Nc3 Qxb2 14. Nb5 Ne4 15. a3 a6 16. Rb1 Qa2 17. Nxd6 Nxd6 18. Bc1 Ne4 19. Bb2 Bd7 20. Nd2 Nxd2 21. Qxd2 {½-½ (93) Tiviakov,S (2609)-Gleizerov,E (2518) Groningen 2016}) 13. Bf4 $146 ({Find the theoretical novelty and annotate with similar games:} 13. Bh4 Qc7 14. Bg3 Nh5 15. Rc1 Nxg3 16. hxg3 Qf7 17. Nc3 e5 18. dxe5 Nxe5 19. Nxe5 Bxe5 20. Nxd5 Bxb2 21. Rc7 Qe8 22. Ne7+ Kh8 23. Ng6+ Kg8 24. Qb3+ Rf7 25. Rxf7 Qxf7 26. Bc4 {1-0 (26) Ottavi,M (1991)-Ranfagni,S (1970) Bratto 2015}) 13... Ng4 14. Bg3 Bxg3 15. hxg3 ({Better is} 15. Nxg3 $16 Bd7 16. h3) 15... e5 16. dxe5 Ngxe5 17. Nxe5 Nxe5 18. Nf4 Bf5 19. Bxf5 Rxf5 20. Qc2 Qc8 21. Qb3 Nc4 22. Rac1 b5 $18 (22... Qd7 $16 {keeps fighting.}) 23. Qxb5 Rb8 24. Qa4 Qb7 25. Qc2 Re5 26. b3 Nb6 27. Qg6 Rbe8 28. Rfd1 Qe7 29. Qb1 Rd8 30. Ng6 Qg5 31. f4 Qxg3 32. fxe5 Qe3+ 33. Kh1 d4 34. Qd3 1-0

[Event "EYCC 2017"]
[Site "Mamaia"]
[Date "2017.09.12"]
[Round "7"]
[White "Zvereva, Margarita"]
[Black "Dubovyk, Anastasiia"]
[Result "0-1"]
[ECO "D56"]
[WhiteElo "1790"]
[BlackElo "1785"]
[Annotator "NA RC"]
[PlyCount "83"]
[EventDate "2017.??.??"]
[EventType "swiss"]
[EventCountry "ROU"]
[SourceTitle "playchess.com"]
[Source "ChessBase"]
[SourceQuality "1"]
[TimeControl "40/5400+30:1800+30"]

1. d4 d5 2. c4 e6 3. Nf3 Nf6 4. Bg5 Be7 5. e3 h6 6. Bh4 O-O 7. Nc3 Nbd7 8. Qc2 dxc4 9. Bxc4 Nb6 10. Be2 Nfd5 11. Bxe7 Qxe7 12. O-O c6 13. Ne5 Nd7 14. Nd3 Nb4 15. Nxb4 Qxb4 16. a3 Qe7 17. Bf3 Rd8 18. b4 Nf6 19. Na4 e5 20. dxe5 Qxe5 21. Nc5 Bf5 22. Qa2 b6 23. Na4 Be4 24. Bxe4 Nxe4 25. Qb2 Qf5 26. Rad1 b5 27. Nc5 Nxc5 28. bxc5 Qxc5 29. Rc1 Qb6 30. g3 a6 31. Qe5 Rd5 32. Qe4 Rad8 33. Rc2 c5 34. Rfc1 c4 35. Rc3 Qf6 36. R1c2 Qd6 37. Rc1 Rd2 38. Qb1 Qf6 39. f4 Qc6 40. e4 Qc5+ 41. Kh1 Qf2 42. Rd3 0-1

[Event "EYCC 2017"]
[Site "Mamaia"]
[Date "2017.09.12"]
[Round "7"]
[White "Ince, Safiye Oyku"]
[Black "Stepanyan, Eva"]
[Result "1/2-1/2"]
[ECO "C77"]
[WhiteElo "1737"]
[BlackElo "1927"]
[Annotator "NA RC"]
[PlyCount "97"]
[EventDate "2017.??.??"]
[EventType "swiss"]
[EventCountry "ROU"]
[SourceTitle "playchess.com"]
[Source "ChessBase"]
[SourceQuality "1"]
[TimeControl "40/5400+30:1800+30"]

1. e4 e5 2. Nf3 Nc6 3. Bb5 a6 4. Ba4 Nf6 5. d3 Bc5 6. O-O b5 7. Bb3 d6 8. c3 O-O 9. h3 h6 10. Re1 Re8 11. Nbd2 Bb6 {[%emt 0:02:41] C78: Spanische Partie (Archangelsk- und Möller-Variante)} (11... Be6 12. Nf1 d5 13. Ng3 Bf8 14. Qe2 Na5 15. Bc2 dxe4 16. dxe4 Bc4 17. Qe3 Nb7 18. Rd1 Qc8 19. Nh2 {1-0 (48) Leko,P (2741)-Tkachiev,V (2664) Moscow 2008}) 12. Nf1 Ne7 13. Nh4 c5 $146 ({Vorgänger:} 13... g5 14. Qf3 Kg7 15. Ng3 gxh4 16. Nh5+ Nxh5 17. Qxf7+ Kh8 18. Qxh5 Ng8 19. Bxh6 Qd7 20. Bf7 Rf8 {1-0 (20) Vovk,A (2614)-Anton,T (2435) Arad 2014}) 14. Qf3 Nc6 15. Qg3 Kf8 16. Ne3 Ne7 17. Qf3 Neg8 18. g4 Be6 19. Nd5 Rc8 20. g5 hxg5 21. Bxg5 Bxd5 22. Bxd5 Qd7 23. Kh2 Bd8 $18 24. Rg1 Be7 25. Rg2 Red8 26. Rag1 Rc7 27. Qg3 Nh5 28. Bxe7+ Qxe7 29. Qg4 Ngf6 30. Qg5 Ke8 31. Nf5 Qf8 32. Nxg7+ Qxg7 33. Qxg7 Nxg7 34. Rxg7 Nxd5 35. exd5 Ke7 36. Rh7 Kf6 37. h4 c4 38. Rh6+ Ke7 39. d4 exd4 40. cxd4 b4 41. Rh7 c3 42. bxc3 bxc3 43. Rhg7 Rh8 44. Kh3 Rc4 45. R7g4 c2 46. Rc1 a5 47. Re4+ Kf6 48. Kg4 Kg6 49. Kf3 1/2-1/2

[Event "EYCC 2017"]
[Site "Mamaia"]
[Date "2017.09.12"]
[Round "7"]
[White "Alekseenko, Mariya"]
[Black "Bondareva, Daria"]
[Result "1/2-1/2"]
[ECO "A20"]
[WhiteElo "1731"]
[BlackElo "1754"]
[Annotator "NA RC"]
[PlyCount "50"]
[EventDate "2017.??.??"]
[EventType "swiss"]
[EventCountry "ROU"]
[SourceTitle "playchess.com"]
[Source "ChessBase"]
[SourceQuality "1"]
[TimeControl "40/5400+30:1800+30"]

1. c4 e5 2. g3 Nf6 3. Bg2 c6 4. d4 exd4 5. Qxd4 d5 6. Nc3 Be6 7. cxd5 cxd5 8. Bg5 Be7 9. Nf3 Nc6 10. Qa4 O-O 11. O-O h6 12. Bf4 a6 13. Nd4 Qb6 14. Nxc6 bxc6 15. Qc2 Rac8 16. Na4 Qa7 17. Rac1 c5 18. Rfd1 Rfd8 19. Bd2 a5 20. Qc3 Rf8 21. b3 Bd8 22. Bf4 Be7 23. Bd2 Bd8 24. Bf4 Be7 25. Bd2 Bd8 1/2-1/2

[Event "EYCC 2017"]
[Site "Mamaia"]
[Date "2017.09.12"]
[Round "7"]
[White "Royal, Shreyas"]
[Black "Samunenkov, Igor"]
[Result "1-0"]
[ECO "A57"]
[WhiteElo "1700"]
[BlackElo "1794"]
[Annotator "NA RC"]
[PlyCount "115"]
[EventDate "2017.??.??"]
[EventType "swiss"]
[EventCountry "ROU"]
[SourceTitle "playchess.com"]
[Source "ChessBase"]
[SourceQuality "1"]
[TimeControl "40/5400+30:1800+30"]

1. d4 c5 2. d5 Nf6 3. c4 b5 4. cxb5 a6 5. f3 d6 6. e4 g6 7. Nc3 Bg7 8. Nge2 O-O 9. Ng3 axb5 10. Bxb5 Ba6 11. Bxa6 Nxa6 12. O-O Nd7 13. Be3 Ne5 14. Qe2 c4 15. Rab1 Qa5 16. Qd2 Nd3 17. Nge2 Nac5 18. Nd4 Qc7 19. b3 cxb3 20. axb3 Nb4 21. Ncb5 Qa5 22. Qc3 Ncd3 23. Ra1 Qb6 24. Qd2 Rxa1 25. Rxa1 Rc8 26. h3 Bxd4 27. Nxd4 Qb7 28. Nc6 Nxc6 29. Qxd3 Nb4 30. Qd2 Nc2 31. Rb1 Qb4 32. Qxb4 Nxb4 33. Bd2 Rb8 34. Bxb4 Rxb4 35. Kf2 Kf8 36. Ke3 Rb8 37. b4 Ke8 38. Kd4 Rc8 39. b5 Kd7 40. b6 e5+ 41. dxe6+ fxe6 42. f4 h5 43. g4 hxg4 44. hxg4 Rb8 45. b7 Kc7 46. f5 exf5 47. exf5 gxf5 48. gxf5 Rxb7 49. Rxb7+ Kxb7 50. f6 Kc7 51. f7 Kd7 52. f8=Q Ke6 53. Qh6+ Ke7 54. Kd5 Kd7 55. Qg7+ Kc8 56. Kxd6 Kb8 57. Kc6 Ka8 58. Qb7# 1-0

[Event "EYCC 2017"]
[Site "Mamaia"]
[Date "2017.09.12"]
[Round "7"]
[White "Tsotsonava, Elene"]
[Black "Toncheva, Nadya"]
[Result "1-0"]
[ECO "B42"]
[WhiteElo "1644"]
[BlackElo "1802"]
[Annotator "NA RC"]
[PlyCount "77"]
[EventDate "2017.??.??"]
[EventType "swiss"]
[EventCountry "ROU"]
[SourceTitle "playchess.com"]
[Source "ChessBase"]
[SourceQuality "1"]
[TimeControl "40/5400+30:1800+30"]

1. e4 c5 2. Nf3 e6 3. d4 cxd4 4. Nxd4 a6 5. Bd3 Nf6 6. Qe2 d6 7. c4 Qc7 8. O-O g6 9. Nc3 Bg7 10. Nf3 {[%emt 0:00:26] B42: Sicilian: Kan Variation: 5 Bd3} Nc6 (10... O-O 11. h3 Nc6 12. Be3 Nd7 13. Rac1 Nde5 14. Rfd1 Nxf3+ 15. Qxf3 Ne5 16. Qe2 b6 17. b3 Bb7 18. Bb1 Rfd8 {0-1 (61) Volokitin,A (2624)-Vallejo Pons,F (2711) Almaty 2016}) 11. Bf4 Nh5 12. Bg5 Bxc3 13. bxc3 O-O $146 ({Find the theoretical novelty and annotate with similar games:} 13... f6 14. Be3 O-O 15. Nd2 e5 16. g3 Bh3 17. Rfb1 Ng7 {1-0 (45) Rudolf,A (2344)-Schneider,V (2339) Nagykanizsa 2010}) 14. Rfd1 e5 15. Qe3 Na5 16. Be2 Be6 17. Nd2 Ng7 18. Rab1 f5 19. Qb6 Rac8 20. Qxc7 Rxc7 21. Rb6 Rd7 22. exf5 gxf5 23. Rdb1 $11 Rc8 24. R1b4 d5 25. cxd5 Rxd5 26. c4 Rd7 27. Ra4 Nc6 28. Nb3 Nd4 29. Nxd4 Rxd4 30. Be3 Rd7 31. Rab4 f4 32. Bc1 Rcd8 33. h3 Rd1+ 34. Bxd1 Rxd1+ 35. Kh2 Rxc1 36. Rxb7 Rxc4 37. R4b6 Ra4 38. Ra7 Rxa2 39. Rb8+ 1-0

[Event "EYCC 2017"]
[Site "Mamaia"]
[Date "2017.09.12"]
[Round "7"]
[White "Naymanova, Patricie"]
[Black "Goraj, Barbara"]
[Result "0-1"]
[ECO "A48"]
[WhiteElo "1628"]
[BlackElo "1711"]
[Annotator "NA RC"]
[PlyCount "80"]
[EventDate "2017.??.??"]
[EventType "swiss"]
[EventCountry "ROU"]
[SourceTitle "playchess.com"]
[Source "ChessBase"]
[SourceQuality "1"]
[TimeControl "40/5400+30:1800+30"]

1. d4 Nf6 2. Nf3 g6 3. Bf4 Bg7 4. e3 O-O 5. Bd3 d6 6. h3 Nfd7 7. Bh2 e5 8. dxe5 dxe5 9. c3 Qe7 10. Nbd2 Nc5 11. Bc2 a5 12. Qe2 b6 13. O-O Ba6 14. c4 Nc6 15. Ne4 f5 16. Nxc5 Qxc5 17. Rad1 Bxc4 18. Qxc4+ Qxc4 19. Bb3 Qxb3 20. axb3 Rfd8 21. Rc1 Rd6 22. Rc2 Rad8 23. Rfc1 Rd1+ 24. Ne1 Rxc1 25. Rxc1 Rd6 26. Kf1 Kf7 27. Nc2 Ke7 28. Na3 Kd7 29. Ke2 Rd5 30. Nc4 b5 31. Nd2 Bf8 32. Nf3 Be7 33. g4 e4 34. Ne1 Bd6 35. Bg1 Be5 36. Rb1 h6 37. f4 Bf6 38. gxf5 Rxf5 39. Nc2 Rh5 40. Rd1+ Ke6 0-1

[Event "EYCC 2017"]
[Site "Mamaia"]
[Date "2017.09.12"]
[Round "7"]
[White "Mikheeva, Galina"]
[Black "Gasimova, Samra"]
[Result "1-0"]
[ECO "E71"]
[WhiteElo "1596"]
[BlackElo "1578"]
[Annotator "NA RC"]
[PlyCount "99"]
[EventDate "2017.??.??"]
[EventType "swiss"]
[EventCountry "ROU"]
[SourceTitle "playchess.com"]
[Source "ChessBase"]
[SourceQuality "1"]
[TimeControl "40/5400+30:1800+30"]

1. d4 Nf6 2. c4 g6 3. Nc3 Bg7 4. e4 d6 5. h3 O-O 6. Bg5 c5 7. d5 e6 8. Bd3 exd5 9. exd5 Re8+ 10. Kf1 Nbd7 11. Nf3 a6 12. a4 Ne5 13. Nxe5 Rxe5 14. Bf4 Re8 15. g4 Qb6 16. Qd2 Nd7 17. a5 Qc7 18. Kg2 Ne5 19. Rhe1 Bd7 20. Bf1 Qd8 21. Ne4 Qc7 22. Nc3 f5 23. f3 fxg4 24. hxg4 Rf8 25. Be2 Rf7 26. Rf1 Raf8 27. Bg3 Qd8 28. Ne4 Qe7 29. Ra3 Re8 30. Rh1 Qf8 31. Rb3 Bc8 32. Ra3 Bd7 33. Rb3 Bc8 34. Ra3 Bd7 35. Qe3 Rd8 36. Rb3 Bc8 37. Ra3 Bd7 38. Rb3 Bc8 39. Rb6 Qe7 40. Bh4 Bf6 41. Bxf6 Rxf6 42. Nxf6+ Qxf6 43. Qxc5 Qxf3+ 44. Bxf3 dxc5 45. b3 Rf8 46. Rf1 Nd3 47. d6 Nf4+ 48. Kg3 Ne6 49. Re1 Rf7 50. Bd5 1-0